 Dungeon Crawl Stone Soup version 0.23-a0-635-g88ca12a7de (webtiles) character file.

2074 Maize the Spear-Bearer (level 9, -6/121 HPs)
             Began as a Minotaur Chaos Knight on Dec 27, 2018.
             Was a Plaything of Xom.
             Mangled by an orc warrior
             ... wielding a +0 scimitar of chaos
              (17 damage)
             ... on level 6 of the Dungeon.
             The game lasted 00:15:00 (4473 turns).

Maize the Spear-Bearer (Minotaur Chaos Knight)      Turns: 4473, Time: 00:15:01

Health: -6/121     AC:  8    Str: 22    XL:     9   Next: 6%
Magic:  8/8        EV: 10    Int:  2    God:    Xom [*.....]
Gold:   246        SH:  0    Dex: 11    Spells: 8/8 levels left

rFire    . . .     SeeInvis .   s - +3 mace of Edemmi Ceott {crush, rC+ rN+ MR+ Int-5} (curse)
rCold    + . .     Gourm    .   (no shield)
rNeg     + . .     Faith    .   l - +0 scale mail (curse)
rPois    .         Spirit   .   (helmet restricted)
rElec    .         Reflect  .   (no cloak)
rCorr    .         Harm     .   (no gloves)
MR       +....                  (no boots)
Stlth    ..........             b - amulet of magic regeneration
HPRegen  0.30/turn              (no ring)
MPRegen  0.36/turn              (no ring)

@: berserking (expiring), flying, hasted and slowed
A: retaliatory headbutt, horns 2, dopey 1, screaming 1, weak 1, MP-powered wands
a: Renounce Religion


You were on level 6 of the Dungeon.
You worshipped Xom.
You were a special plaything of Xom.
You were hungry.

You visited 1 branch of the dungeon, and saw 6 of its levels.

You collected 246 gold pieces.

Inventory:

Hand Weapons
 a - a +1 spear of chaos
 s - the cursed +3 mace of Edemmi Ceott (weapon) {crush, rC+ rN+ MR+ Int-5}
   (You found it on level 4 of the Dungeon)

   It inflicts extra damage upon your enemies.
   It affects your intelligence (-5).
   It protects you from cold.
   It protects you from negative energy.
   It affects your resistance to hostile enchantments.
   It has a curse placed upon it.
 t - the +8 mace "Noniasad" {vamp, MR- Str+6, unknown}
   (You found it on level 4 of the Dungeon)

   It inflicts no extra harm, but heals its wielder when it wounds a living foe.
   It affects your strength (+6).
   It affects your resistance to hostile enchantments.
 v - a +0 halberd
Armour
 f - a +0 scale mail
 l - a cursed +0 scale mail (worn)
 p - a cursed +0 chain mail
Magical Staves
 k - an uncursed staff of poison
Jewellery
 b - an amulet of magic regeneration (around neck)
Scrolls
 e - 3 scrolls of teleportation
 h - 4 scrolls of amnesia
 j - a scroll of immolation {unknown}
 n - a scroll of enchant armour {unknown}
 o - 3 scrolls of identify
 q - a scroll of blinking {unknown}
 r - a scroll of enchant weapon
 u - a scroll of magic mapping {unknown}
Potions
 i - a potion of flight
 w - a potion of brilliance {unknown}
Comestibles
 c - 10 rations


   Skills:
 + Level 8.0 Fighting
 * Level 10.4 Polearms
 + Level 7.4 Armour
 - Level 2.0 Dodging


You had 8 spell levels left.
You didn't know any spells.
Your spell library was empty.

Dungeon Overview and Level Annotations

Branches:
Dungeon (6/15)             Temple (0/1) D:4

Altars:
Elyvilon
Fedhas
Uskayaw
Vehumet
Wu Jian
Xom
Zin


Innate Abilities, Weirdness & Mutations

You reflexively headbutt those who attack you in melee.
You have a pair of horns on your head.
You are dopey. (Int -2)
You occasionally shout uncontrollably at your foes.
You are weak. (Str -2)
You expend magic power (3 MP) to strengthen your wands.


Message History

You closely miss the orc warrior.
The orc warrior is heavily wounded.
The orc warrior hits you but does no damage.
The worker ant closely misses your iron imp.
The orc warrior hits you with a +0 scimitar of chaos.
* * * LOW HITPOINT WARNING * * *
Your iron imp hits the orc warrior but does no damage.
The orc priest looks satisfied for a moment.
The worker ant bites your iron imp.
You hit the orc warrior.
The orc warrior is severely wounded.
The orc warrior hits you but does no damage.
You feel yourself speed up.
Xom is highly amused!
Your shadow imp closely misses the worker ant.
The worker ant bites your iron imp but does no damage.
Your iron imp hits the worker ant.
The orc warrior hits you with a +0 scimitar of chaos!
You die...
Xom snickers!

########.#.....##########o.......
......#..........(...5a)5o...o...
#.....#..# ##....o#####.....)...
#.....†..# #.###o# #.........
#..##.#.[# #.###5#####.#######.
#..##.#..# ...#.a....##.# #.
#.....#..###...#5.....##.# #.
#.#...#.......##o.....##.# #.
..#.###.#####.##@.....##.# #.
..#.. #.####.......#####.## #.
..... #.##....#####........ #. .#
#>÷.....#####........ #.
...........#....)..........
.#.#.#.######.####......... .. #.
#..# #.####.... ... ## ##.# #.#
.... .. .. #.####...)


You could see an orc warrior, a worker ant, 2 orc priests, a friendly iron imp
and a friendly shadow imp.

Vanquished Creatures
  Pikel (D:4)
  Grinder (D:4)
  2 wyverns (D:4)
  Sigmund (D:3)
  2 slaves (D:4)
  An ice beast (D:5)
  A sky beast (D:6)
  2 ogres
  Blork the orc (D:4)
  A big kobold (D:6)
  A howler monkey (D:5)
  4 crimson imps
  A jelly (D:5)
  Crazy Yiuf (D:4)
  A centaur zombie (D:3)
  A hound (D:6)
  A hound skeleton (D:4)
  A howler monkey zombie (D:5)
  A worker ant zombie (D:6)
  7 adders
  A gnoll (D:2)
  2 shadow imps
  An adder zombie (D:5)
  An adder skeleton (D:5)
  A worm (D:4)
  3 leopard geckos
  4 orcs (D:6)
  4 giant cockroaches
  10 goblins
  3 hobgoblins
  14 jackals
  2 quokkas
  2 ball pythons
  8 bats
  4 frilled lizards
  13 kobolds
  8 rats
113 creatures vanquished.

Vanquished Creatures (collateral kills)
  An orc wizard (D:6)
  3 gnolls (D:2)
4 creatures vanquished.

Grand Total: 117 creatures vanquished

Notes
Turn   | Place    | Note
-------+----------+-------------------------------------------
     0 | D:1      | Maize the Minotaur Chaos Knight began the quest for the
                  | Orb.
     0 | D:1      | Reached XP level 1. HP: 19/19 MP: 0/0
     9 | D:1      | XOM: potion effect (curing)
   105 | D:1      | Reached XP level 2. HP: 27/27 MP: 1/1
   216 | D:1      | Reached skill level 4 in Polearms
   239 | D:1      | XOM: give mutation
   239 | D:1      | Gained mutation: You expend magic power (3 MP) to
                  | strengthen your wands. [Xom's grace]
   378 | D:1      | XOM: medium Necr miscast
   395 | D:1      | XOM: harmless Tmut miscast
   658 | D:2      | Reached XP level 3. HP: 33/33 MP: 2/2
   751 | D:2      | Found a hide-covered altar of Uskayaw.
   751 | D:2      | Found an ornate altar of the Wu Jian Council.
   756 | D:2      | Found a glowing silver altar of Zin.
   758 | D:2      | Found a radiant altar of Vehumet.
   759 | D:2      | Found a faded altar of an unknown god.
  1062 | D:2      | Reached XP level 4. HP: 14/41 MP: 3/3
  1304 | D:2      | Found a faded altar of an unknown god.
  1468 | D:2      | XOM: cast spell 'Summon Mana Viper'
  1473 | D:2      | Reached skill level 5 in Polearms
  1513 | D:2      | XOM: cloud trail
  1566 | D:3      | XOM: scenery: create altars
  1589 | D:3      | Reached XP level 5. HP: 28/47 MP: 4/4
  1639 | D:3      | XOM: god gift: scroll labeled HUEDOD ZEFOA {god gift}
  1846 | D:3      | XOM: cloud trail
  1871 | D:3      | Noticed Sigmund
  1888 | D:3      | XOM: swap monsters
  1891 | D:3      | XOM: confuse monster(s)
  1903 | D:3      | Killed Sigmund
  1903 | D:3      | Reached skill level 5 in Fighting
  1903 | D:3      | Reached skill level 6 in Polearms
  1903 | D:3      | Reached XP level 6. HP: 34/56 MP: 5/5
  1945 | D:3      | XOM: cloud trail
  2021 | D:3      | XOM: god gift: thick glowing staff {god gift}
  2022 | D:3      | XOM: god gift: ration
  2057 | D:3      | You fall through a shaft!
  2057 | D:4      | Noticed Blork the orc
  2084 | D:4      | Killed Blork the orc
  2085 | D:4      | Noticed a wyvern
  2085 | D:4      | a worm changed into a wyvern
  2085 | D:4      | XOM: confuse monster(s)
  2091 | D:4      | Killed a wyvern
  2091 | D:4      | Reached skill level 7 in Polearms
  2091 | D:4      | Reached skill level 5 in Armour
  2091 | D:4      | Reached XP level 7. HP: 41/62 MP: 6/6
  2092 | D:4      | Killed a wyvern
  2148 | D:4      | XOM: mild Summ miscast
  2149 | D:4      | XOM: mild Erth miscast
  2152 | D:4      | Noticed Pikel
  2169 | D:4      | XOM: harmless Ice miscast
  2176 | D:4      | Killed Pikel
  2176 | D:4      | Reached skill level 8 in Polearms
  2176 | D:4      | Reached XP level 8. HP: 41/71 MP: 7/7
  2211 | D:4      | Found a blossoming altar of Fedhas.
  2311 | D:4      | Noticed Grinder
  2316 | D:4      | XOM: 2-stop teleportation journey
  2378 | D:4      | Found a white marble altar of Elyvilon.
  2446 | D:4      | Found a runed door.
  2450 | D:4      | Noticed Crazy Yiuf
  2453 | D:4      | Killed Crazy Yiuf
  2453 | D:4      | Reached skill level 9 in Polearms
  2458 | D:4      | Got a shimmering mace
  2460 | D:4      | Got a bloodstained mace
  2462 | D:4      | Identified the cursed +3 mace of Edemmi Ceott {crush, rC+
                  | rN+ MR+ Int-5} (You found it on level 4 of the Dungeon)
  2634 | D:4      | Killed Grinder
  2653 | D:4      | Found a staircase to the Ecumenical Temple.
  2654 | D:4      | XOM: harmless Pois miscast
  2706 | D:5      | Entered Level 5 of the Dungeon
  2708 | D:5      | XOM: swap monsters
  2786 | D:5      | Found a hide-covered altar of Uskayaw.
  2892 | D:5      | XOM: harmless Chrm miscast
  3417 | D:5      | XOM: noise
  3424 | D:5      | Found a shimmering altar of Xom.
  3424 | D:5      | Found a shimmering altar of Xom.
  3426 | D:5      | Found a shimmering altar of Xom.
  3426 | D:5      | Found a basalt altar of Yredelemnul.
  3426 | D:5      | Found a shimmering altar of Xom.
  3560 | D:5      | Reached skill level 10 in Polearms
  3610 | D:5      | XOM: divination: detect creatures
  3701 | D:5      | XOM: summons 3 hostile shadow creatures
  4154 | D:6      | Reached XP level 9. HP: 81/81 MP: 8/8
  4229 | D:6      | XOM: fog
  4432 | D:6      | XOM: chaos upgrade
  4439 | D:6      | XOM: confusion
  4454 | D:6      | XOM: give mutations
  4454 | D:6      | Gained mutation: You are weak. (Str -2) [Xom's mischief]
  4454 | D:6      | Gained mutation: You are dopey. (Int -2) [Xom's mischief]
  4454 | D:6      | Gained mutation: You occasionally shout uncontrollably at
                  | your foes. [Xom's mischief]
  4455 | D:6      | XOM: summons 2 friendly demons
  4465 | D:6      | XOM: enchant monster (bad)
  4473 | D:6      | Mangled by an orc warrior

Vault maps used:
D:1:      onia_arrival_handbag
D:2:      chequers_temple_overflow_minitemple, first_ration, serial_glass,
          glass_columns_a, glass_columns_a,
          chequers_ecumenical_altar_simple_redux
D:3:      uniq_sigmund
D:4:      elyvilon_altar_4, minmay_temple_entry_poolview, fedhas_altar_1,
          uniq_grinder, uniq_blork_the_orc, uniq_crazy_yiuf_cottage, uniq_pikel
D:5:      minmay_stone_trees_medium, minivault_19, doesnt_xom_only_xom
D:6:      marbit_many_paths, amethyst_overflow_temple_binary, basic_altar,
          uniq_eustachio

Skill      XL: |  1  2  3  4  5  6  7  8  9 |
---------------+----------------------------+-----
Fighting       | 4 5 6 7 8 |  8.0
Polearms       | 4 5 6 7 8 10 | 10.4
Armour         | 3 4 5 6 7 |  7.4
Dodging        | 2 |  2.0

Action                   |  1- 3 |  4- 6 |  7- 9 || total
-------------------------+-------+-------+-------++-------
Melee: Spear             |   116 |    78 |    43 ||   237
       Headbutt          |     9 |    18 |    35 ||    62
       Mace              |       |       |   124 ||   124
  Use: Scroll            |       |     1 |     4 ||     5
       Potion            |       |       |     4 ||     4
 Stab: Paralysed         |     1 |     4 |       ||     5
       Confused          |       |     1 |     1 ||     2
  Eat: Chunk             |       |     4 |     7 ||    11
Armor: Leather armour    |     5 |       |       ||     5
       Scale mail        |    35 |    21 |    82 ||   138
Dodge: Dodged            |    39 |    25 |    90 ||   154

Table legend:
 A = Non-vault XP
 B = Vault XP
 C = Vault XP percentage of total XP
 D = Non-vault monster count
 E = Vault monster count
 F = Vault count percentage of total count
                 A         B        C        D         E       F
            +---------+---------+-------+---------+---------+-------
      Total |    1760 |    1203 |  40.6 |     106 |       9 |   7.8
            +---------+---------+-------+---------+---------+-------
        D:1 |      35 |       4 |  10.3 |      23 |       4 |  14.8
        D:2 |     135 |       0 |   0.0 |      26 |       0 |   0.0
        D:3 |      67 |     208 |  75.6 |      10 |       1 |   9.1
        D:4 |     576 |     991 |  63.2 |       7 |       4 |  36.4
        D:5 |     447 |       0 |   0.0 |      22 |       0 |   0.0
        D:6 |     500 |       0 |   0.0 |      18 |       0 |   0.0
            +---------+---------+-------+---------+---------+-------
